 Dungeon Crawl Stone Soup version 0.27.1-34-g3ba077fa99 (webtiles) character file.

Game seed: 559447330871859448

116 Akaron the Chopper (level 4, -3/41 HPs)
             Began as a Minotaur Berserker on Jan 22, 2022.
             Was a Priest of Trog.
             Killed by nerve-wracking pain
             ... invoked by Grinder
              (13 damage)
             ... on level 3 of the Dungeon.
             The game lasted 00:06:45 (2910 turns).

Akaron the Chopper (Minotaur Berserker)             Turns: 2910, Time: 00:06:47

Health: -3/41      AC:  7    Str: 23    XL:     4   Next: 70%
Magic:  3/3        EV: 11    Int:  4    God:    Trog [***...]
Gold:   94         SH:  0    Dex: 15    Spells: 3/3 levels left

rFire    . . .     SeeInvis .   a - +0 hand axe
rCold    . . .     Faith    .   (no shield)
rNeg     . . .     Spirit   .   c - +0 ring mail
rPois    .         Reflect  .   (helmet restricted)
rElec    .         Harm     .   (no cloak)
rCorr    .         Rampage  .   m - +0 pair of gloves
Will     .....                  (no boots)
Stlth    +.........             (no amulet)
HPRegen  0.13/turn              h - +6 ring of dexterity
MPRegen  0.08/turn              (no ring)

@: no status effects
A: horns 2, retaliatory headbutt
a: Renounce Religion, Berserk, Trog's Hand


You were on level 3 of the Dungeon.
You worshipped Trog.
Trog was most pleased with you.
You visited 1 branch of the dungeon, and saw 3 of its levels.

You collected 94 gold pieces.

Inventory:

Hand Weapons
 a - a +0 hand axe (weapon)
 g - a +2 short sword of venom
Armour
 b - a +0 animal skin
 c - a +0 ring mail (worn)
 d - a +0 leather armour
 m - a +0 pair of gloves (worn)
Jewellery
 h - a +6 ring of dexterity (left hand)
Scrolls
 e - 5 scrolls of identify
 f - a scroll of silence {unknown}
 j - a scroll of teleportation {unknown}
 l - a scroll of noise {unknown}
 n - a scroll of blinking {unknown}
Potions
 i - a potion of magic
 k - a potion of invisibility {unknown}


   Skills:
 + Level 4.6 Fighting
 + Level 5.0 Axes
 + Level 3.7 Armour
 + Level 2.4 Dodging


You had 3 spell levels left.
You didn't know any spells.
Your spell library was empty.

Dungeon Overview and Level Annotations

Branches:
Dungeon (3/15)

Altars:
Uskayaw

Shops:
D:1 :

Annotations:
D:3 Grinder


Innate Abilities, Weirdness & Mutations

You have a pair of horns on your head.
You reflexively headbutt those who attack you in melee.


Message History

You miss the hound. The hound closely misses you. Grinder hits you.
You writhe in agony.
You closely miss Grinder.
Grinder is moderately wounded.
You hit the hound. The hound bites you but does no damage.
Grinder gestures at you. Pain shoots through your body!
The hound barely misses you. You furiously retaliate!
You headbutt the hound!
You kill the hound!
Trog accepts your kill.
Your Axes skill increases to level 5!
You barely miss Grinder. Your headbutt misses Grinder.
Grinder is moderately wounded.
Grinder gestures at you.
You suddenly lose the ability to move!
Grinder blinks!
Grinder hits you but does no damage. Grinder hits you.
You writhe in agony.
Grinder hits you but does no damage.
You can move again.
You closely miss Grinder.
Grinder is moderately wounded.
Grinder gestures at you. Pain shoots through your body!
Unknown command.
You closely miss Grinder. You headbutt Grinder!
Grinder is heavily wounded.
Grinder hits you.
* * * LOW HITPOINT WARNING * * *
Press: ? - help, v - describe, . - travel
Here: Grinder (heavily wounded)
The floor.
Grinder gestures at you.
You suddenly lose the ability to move!
Grinder gestures at you.
You shrug off the repeated paralysis!
You can move again.
Grinder gestures at you. Pain shoots through your body!
You die...

######.# #.....
#...##.###.###.
#...........#..
#...##.........
#.###.##########
##. ##.## # #.#
##.# # #.# #.#
## #@## ##.# ##.
##.## ##.## ##..
##5###..## ##...
##......####....
###.......+....
##...####..†.
##.## ##... #.#
##.. ... ##.


You could see Grinder.

Vanquished Creatures
  A hound (D:3)
  2 adders (D:2)
  An ufetubus (D:3)
  2 worms
  A dart slug (D:3)
  A ball python (D:1)
  8 bats
  3 endoplasms
  2 giant cockroaches
  6 goblins
  3 hobgoblins
  2 jackals (D:2)
  3 quokkas
  2 frilled lizards
  9 kobolds
  9 rats
55 creatures vanquished.

Notes
Turn   | Place    | Note
-------+----------+-------------------------------------------
     0 | D:1      | Akaron the Minotaur Berserker began the quest for the Orb.
     0 | D:1      | Reached XP level 1. HP: 19/19 MP: 0/0
   257 | D:1      | Reached skill level 4 in Axes
   257 | D:1      | Reached XP level 2. HP: 27/27 MP: 1/1
   582 | D:1      | Found Zolych's Book Boutique.
   776 | D:1      | Reached ** piety under Trog
  1220 | D:2      | Reached XP level 3. HP: 33/33 MP: 2/2
  2355 | D:3      | Reached XP level 4. HP: 41/41 MP: 3/3
  2721 | D:3      | Found a hide-covered altar of Uskayaw.
  2799 | D:3      | Reached *** piety under Trog
  2890 | D:3      | Noticed Grinder
  2895 | D:3      | Reached skill level 5 in Axes
  2895 | D:3      | Paralysed by Grinder for 6 turns
  2903 | D:3      | Paralysed by Grinder for 3 turns
  2910 | D:3      | Killed from afar by Grinder

Illustrated notes

Levels and vault maps discovered:
D:1:      minmay_arrival_loop, layout_loops_corners, serial_shops, shop,
          minivault_11, minmay_hexomino_p4
D:2:      layout_basic, serial_bayou_pond_e
D:3:      layout_loops_corners, mainiacjoe_overflow_boulevard,
          nicolae_gozag_conspicuous_consumption, uniq_grinder

Skill      XL: |  1  2  3  4 |
---------------+-------------+-----
Axes           | 4 5 |  5.0
Fighting       | 4 |  4.6
Armour         | 3 |  3.7
Dodging        | |  2.4

Action                   |  1- 3 |  4- 6 || total
-------------------------+-------+-------++-------
Melee: Hand axe          |    86 |    27 ||   113
       Headbutt          |    12 |     6 ||    18
  Use: Scroll            |     1 |       ||     1
Armor: Ring mail         |    32 |    11 ||    43
       Animal skin       |     1 |       ||     1
Dodge: Dodged            |    55 |    14 ||    69
